 Dungeon Crawl Stone Soup version 0.25.0-8-gfd19cd77bd (webtiles) character file.

Game seed: 9245072086660261813

29217 Elvor the Cleaver (level 13, -7/117 HPs)
             Began as a Deep Dwarf Fighter on June 15, 2020.
             Was a Priest of Elyvilon.
             Killed from afar by Azrael (42 damage)
             ... with damnation
             ... on level 14 of the Dungeon on June 16, 2020.
             The game lasted 02:46:05 (12920 turns).

Elvor the Cleaver (Deep Dwarf Fighter)             Turns: 12920, Time: 02:46:06

Health: -7/117     AC: 21    Str: 32    XL:     13   Next: 14%
Magic:  12/14      EV:  8    Int: 11    God:    Elyvilon [***...]
Gold:   557        SH: 27    Dex: 18    Spells: 10/12 levels left

rFire    . . .     SeeInvis .   I - +1 war axe (vorpal)
rCold    . . .     Gourm    .   m - +0 tower shield
rNeg     + . .     Faith    .   C - +0 plate armour
rPois    .         Spirit   .   (no helmet)
rElec    +         Reflect  +   r - +2 cloak
rCorr    +         Harm     .   n - +0 pair of gloves
MR       .....                  Q - +0 pair of boots
Stlth    ..........             A - amulet of reflection
HPRegen  0.00/turn              j - ring "Xiaka" {rElec rN+ MR- rCorr Str+9}
MPRegen  0.14/turn              z - +6 ring of dexterity

@: liquid flames, non-regenerating, glowing
A: damage resistance, heal wounds, sense surroundings 2, no regeneration
a: Heal Wounds, Lesser Healing, Heal Other, Purification, Divine Protection,
Renounce Religion


You were on level 14 of the Dungeon.
You worshipped Elyvilon.
Elyvilon was most pleased with you.
You were not hungry.

You visited 2 branches of the dungeon, and saw 15 of its levels.

You collected 893 gold pieces.
You spent 336 gold pieces at shops.

Inventory:

Hand Weapons
 b - a +1 executioner's axe of flaming
 I - a +1 vorpal war axe (weapon)
 S - a +3 scimitar of flaming
Missiles
 p - 49 poisoned darts
 v - 9 boomerangs (quivered)
Armour
 c - a +0 kite shield
 m - a +0 tower shield (worn)
 n - a +0 pair of gloves (worn)
 r - a +2 cloak (worn)
 C - a +0 plate armour (worn)
 P - the +0 ring mail "Hitom" {rF+ Dex+3}
   (You found it on level 10 of the Dungeon)

   It affects your dexterity (+3).
   It protects you from fire.
 Q - a +0 pair of boots (worn)
Jewellery
 a - an uncursed ring of see invisible
 h - an uncursed ring of protection from magic
 j - the ring "Xiaka" (left hand) {rElec rN+ MR- rCorr Str+9}
   (You acquired it on level 11 of the Dungeon)

   [ring of resist corrosion]

   It affects your strength (+9).
   It insulates you from electricity.
   It protects you from negative energy.
   It affects your resistance to hostile enchantments.
   It provides partial protection from all sources of acid and corrosion.
 l - an uncursed ring of protection from magic
 t - an uncursed ring of positive energy
 z - a +6 ring of dexterity (right hand)
 A - an amulet of reflection (around neck)
 F - an uncursed amulet of magic regeneration
Wands
 D - a wand of digging (7)
 R - a wand of paralysis (20)
 T - a wand of flame (14)
Scrolls
 e - 2 scrolls of immolation
 i - 6 scrolls of teleportation
 k - 4 scrolls of enchant weapon
 o - 2 scrolls of blinking
 q - a scroll of brand weapon
 w - 2 scrolls of magic mapping
 K - a scroll of fear
 M - 3 scrolls of enchant armour
 U - a scroll of amnesia
 W - a scroll of remove curse
Potions
 d - 4 potions of might
 g - 4 potions of magic
 s - 2 potions of curing
 u - 3 potions of resistance
 E - 2 potions of mutation
 G - 2 potions of lignification {unknown}
 H - 2 potions of haste
 J - 2 potions of invisibility {unknown}
 N - a potion of brilliance {unknown}
 O - 2 potions of flight
Miscellaneous
 V - a lightning rod (4/4)
Comestibles
 f - 19 rations


   Skills:
 + Level 7.7 Fighting
 + Level 14.0 Axes
 + Level 2.0 Throwing
 + Level 10.2 Armour
 + Level 3.2 Dodging
 + Level 13.8 Shields
 + Level 5.8 Invocations
 + Level 2.0 Evocations


You had 10 spell levels left.
You knew the following spells:

 Your Spells              Type           Power        Failure   Level  Hunger
a - Blink                 Tloc           N/A          100%        2    ###....

Your spell library contained the following spells:

 Spells                   Type           Power        Failure   Level  Hunger
 Beastly Appendage        Tmut           #.....       100%        1    ##.....
 Corona                   Hex            #......      100%        1    ##.....
 Foxfire                  Conj/Fire      #...         100%        1    ##.....
 Infusion                 Chrm           #...         100%        1    ##.....
 Magic Dart               Conj           #...         100%        1    ##.....
 Sting                    Tmut/Pois      #...         100%        1    ##.....
 Summon Butterflies       Summ           #.......     100%        1    ##.....
 Summon Small Mammal      Summ           #...         100%        1    ##.....
 Call Imp                 Summ           #.......     100%        2    ###....
 Ensorcelled Hibernation  Hex/Ice        #.....       100%        2    ###....
 Poisonous Vapours        Pois/Air       #.....       100%        2    ###....
 Shroud of Golubria       Chrm/Tloc      #.....       100%        2    ###....
 Slow                     Hex            #.......     100%        2    ###....
 Song of Slaying          Chrm           #.......     100%        2    ###....
 Sticks to Snakes         Tmut           #.......     100%        2    ###....
 Call Canine Familiar     Summ           #.......     100%        3    ####...
 Confusing Touch          Hex            #.......     100%        3    ####...
 Conjure Flame            Conj/Fire      #.......     100%        3    ####...
 Dazzling Flash           Conj/Hex       #.....       100%        3    ####...
 Gell's Gravitas          Tloc           #.........   100%        3    ####...
 Ignite Poison            Fire/Tmut/Pois #.......     100%        3    ####...
 Inner Flame              Hex/Fire       #.......     100%        3    ####...
 Mephitic Cloud           Conj/Pois/Air  #.......     100%        3    ####...
 Ozocubu's Armour         Chrm/Ice       #.......     100%        3    ####...
 Portal Projectile        Hex/Tloc       #.....       100%        3    ####...
 Spectral Weapon          Hex/Chrm       #.......     100%        3    ####...
 Spider Form              Tmut/Pois      #.........   100%        3    ####...
 Summon Guardian Golem    Hex/Summ       #.......     100%        3    ####...
 Tukima's Dance           Hex            #.......     100%        3    ####...
 Cause Fear               Hex            #.........   100%        4    #####..
 Ice Form                 Ice/Tmut       #.......     100%        4    #####..
 Leda's Liquefaction      Hex/Erth       #.........   100%        4    #####..
 Olgreb's Toxic Radiance  Pois           #.......     100%        4    #####..
 Petrify                  Tmut/Erth      #.......     100%        4    #####..
 Sticky Flame             Conj/Fire      #.......     100%        4    #####..
 Summon Ice Beast         Ice/Summ       #.......     100%        4    #####..
 Summon Lightning Spire   Summ/Air       #.......     100%        4    #####..
 Blade Hands              Tmut           #.........   100%        5    ######.
 Bolt of Magma            Conj/Fire/Erth #.........   100%        5    ######.
 Fireball                 Conj/Fire      #.........   100%        5    ######.
 Lightning Bolt           Conj/Air       #.........   100%        5    ######.
 Metabolic Englaciation   Hex/Ice        #.........   100%        5    ######.
 Summon Mana Viper        Hex/Summ       #.......     100%        5    ######.
 Yara's Violent Unravell  Hex/Tmut       #.........   100%        5    ######.
 Summon Hydra             Summ           #.........   100%        7    #######


Dungeon Overview and Level Annotations

Branches:
Dungeon (14/15)            Temple (1/1) D:7            Lair (0/6) D:11
    Orc (0/2) D:9          Vaults (0/5) D:13

Altars:
Ashenzari
Cheibriados
Dithmenos
Elyvilon
Fedhas
Gozag
Hepliaklqana
Kikubaaqudgha
Makhleb
Nemelex Xobeh
Okawaru
Qazlal
Ru
Sif Muna
Trog
Uskayaw
Vehumet
Wu Jian
Xom
Yredelemnul
Zin
The Shining One

Shops:
D:5 ?=((   D:9 (   D:13 *

Annotations:
D:14 Azrael


Innate Abilities, Weirdness & Mutations

You are resistant to damage.
You can heal yourself by infusing magical energy.
You passively map the area around you.
You do not regenerate.


Message History

Azrael is almost dead.
Azrael gestures at you.
The sphere of damnation explodes!
The damnation engulfs you!!
* * * LOW HITPOINT WARNING * * *
The damnation engulfs Azrael.
Azrael completely resists.
Your shield prevents you from hitting Azrael.
Azrael is almost dead.
Azrael gestures at you. The sticky flame hits you.
You are covered in liquid flames!
You are healed.
You feel somewhat more hungry.
You are covered in liquid flames!
* * * LOW HITPOINT WARNING * * *
You block Azrael's attack.
You are healed.
You feel somewhat more hungry.
You are covered in liquid flames!
* * * LOW HITPOINT WARNING * * *
Azrael gestures at you.
The sphere of damnation explodes!
The damnation engulfs you!!!
You die...

* *
......>.....# *
, ............#
............# *
,
,,,.......!....#
, ............#
* * *,
....(.......# ,
.#####+#....# *
,, #....# * *
#@#### , * ,,#R#
* *,,, #.# ,* ,,
#.# , ,,, ..# *
*, , ..# , ,* ,
#..# , , ,* #..#
, , * * #R°#


You could see Azrael.

Vanquished Creatures
  A tentacled monstrosity (D:13)
  Frances (D:12)
  An ironheart preserver (D:13)
  3 very ugly things (D:13)
  The ghost of Mebb the Imperceptible, a journeyman SpEn of Gozag (D:13)
  Snorg (D:11)
  A hydra (D:11)
  2 centaur warriors (D:13)
  Erica (D:11)
  A two-headed ogre (D:11)
  3 unseen horrors
  An orange crystal statue (D:11)
  A wizard (D:13)
  An orc knight (D:12)
  A manticore (D:13)
  An ugly thing (D:12)
  3 yaktaurs (D:13)
  A freezing wraith (D:13)
  2 trolls
  A hornet (D:11)
  3 slime creatures (D:14)
  A wyvern (D:11)
  5 fire elementals (D:14)
  Eustachio (D:6)
  A steam dragon (D:10)
  3 chaos spawn (D:13)
  4 hungry ghosts
  Menkaure (D:6)
  2 insubstantial wisps (D:10)
  3 hell hounds (D:14)
  5 small abominations (D:13)
  10 sky beasts
  A porcupine (D:11)
  2 ice beasts
  3 orc warriors
  2 black bears (D:11)
  4 phantoms
  9 ogres
  15 centaurs
  2 big kobolds
  8 bullfrogs
  2 wyvern zombies
  A gnoll sergeant (D:9)
  A wyvern skeleton (D:13)
  5 scorpions
  A killer bee (D:13)
  8 wights
  A howler monkey (D:5)
  A lava snake (D:10)
  4 bullfrog zombies
  7 crimson imps
  A quasit (D:8)
  2 jellies
  12 orc wizards
  3 centaur skeletons
  7 orc priests
  6 hounds
  A bullfrog skeleton (D:5)
  8 worker ants
  3 iguanas
  A hound skeleton (D:3)
  A howler monkey zombie (D:6)
  4 gnolls (D:9)
  12 adders
  4 worms
  2 dart slugs
  7 leopard geckos
  32 orcs
  21 bats
  3 giant cockroaches
  9 goblins
  5 hobgoblins
  11 jackals
  5 kobolds
  5 quokkas
  A ball python (D:2)
  6 frilled lizards
  A jackal skeleton (D:8)
  2 leopard gecko skeletons (D:4)
  A quokka skeleton (D:7)
  7 rats
  A fungus (D:11)
328 creatures vanquished.

Vanquished Creatures (collateral kills)
  A wyvern (D:8)
  An orc warrior (D:12)
  An ogre (D:12)
  An orc (D:12)
4 creatures vanquished.

Vanquished Creatures (others)
  A withered plant (D:13)
1 creature vanquished.

Grand Total: 333 creatures vanquished

Notes
Turn   | Place    | Note
-------+----------+-------------------------------------------
     0 | D:1      | Elvor the Deep Dwarf Fighter began the quest for the Orb.
     0 | D:1      | Reached XP level 1. HP: 20/20 MP: 1/1
    88 | D:1      | Reached XP level 2. HP: 22/27 MP: 2/2
   721 | D:2      | Reached XP level 3. HP: 25/33 MP: 3/3
   836 | D:2      | Reached skill level 3 in Axes
   911 | D:2      | Learned a level 2 spell: Blink
  1373 | D:3      | Reached XP level 4. HP: 27/42 MP: 4/4
  1387 | D:3      | Reached skill level 1 in Dodging
  1422 | D:3      | Found a blossoming altar of Fedhas.
  1437 | D:3      | Reached skill level 4 in Axes
  1456 | D:3      | Reached XP level 5. HP: 26/49 MP: 5/5
  2113 | D:3      | Found a sparkling altar of Nemelex Xobeh.
  2950 | D:4      | Noticed a phantom
  2971 | D:4      | Killed a phantom
  2971 | D:4      | Reached skill level 5 in Axes
  2971 | D:4      | Reached XP level 6. HP: 43/56 MP: 6/6
  3641 | D:5      | Entered Level 5 of the Dungeon
  3747 | D:5      | Found Kabbe Iret's Magic Scroll Emporium.
  3754 | D:5      | Bought a scroll of identify for 24 gold pieces
  3754 | D:5      | Bought a scroll of identify for 24 gold pieces
  3754 | D:5      | Bought a scroll of identify for 24 gold pieces
  3885 | D:5      | Reached XP level 7. HP: 38/63 MP: 7/7
  3904 | D:5      | Upgraded the game from 0.25.0-3-gd7cc5688da to
                  | 0.25.0-8-gfd19cd77bd
  3950 | D:5      | Found Umigg's Antique Weapon Shoppe.
  4046 | D:5      | Found Vograoha's Antique Weapon Boutique.
  4221 | D:5      | Found Ymewudua's Jewellery Emporium.
  4286 | D:5      | Reached skill level 6 in Axes
  4291 | D:5      | Reached skill level 5 in Armour
  4291 | D:5      | Reached skill level 5 in Shields
  4561 | D:6      | Noticed Eustachio
  4588 | D:6      | Killed Eustachio
  4783 | D:6      | Reached XP level 8. HP: 43/72 MP: 8/8
  4906 | D:6      | Noticed Menkaure
  4916 | D:6      | Killed Menkaure
  4916 | D:6      | Reached skill level 7 in Axes
  5845 | D:7      | Found a staircase to the Ecumenical Temple.
  5859 | Temple   | Entered the Ecumenical Temple
  6010 | Temple   | Became a worshipper of Elyvilon the Healer
  6069 | D:7      | Noticed a troll
  6082 | D:7      | Killed a troll
  6082 | D:7      | Reached skill level 8 in Axes
  6082 | D:7      | Gained mutation: You passively map the area around you.
                  | [Deep Dwarf growth]
  6082 | D:7      | Reached XP level 9. HP: 61/79 MP: 7/7
  6751 | D:7      | Reached * piety under Elyvilon
  6943 | D:8      | Reached skill level 9 in Axes
  7114 | D:8      | Reached skill level 5 in Fighting
  7649 | D:9      | Reached ** piety under Elyvilon
  7702 | D:9      | Reached XP level 10. HP: 53/88 MP: 8/8
  7789 | D:9      | Reached skill level 10 in Axes
  7900 | D:9      | Found Ryegof's Antique Weapon Emporium.
  7908 | D:9      | Bought a crystal hand axe for 184 gold pieces
  7908 | D:9      | Identified the cursed +1 hand axe of Dullness {freeze, MR+}
                  | (You bought it in a shop on level 9 of the Dungeon)
  8101 | D:9      | Found a staircase to the Orcish Mines.
  8302 | D:10     | Entered Level 10 of the Dungeon
  8357 | D:10     | Killed an unseen horror
  8514 | D:10     | Reached *** piety under Elyvilon
  8654 | D:10     | Reached skill level 11 in Axes
  8659 | D:10     | Got an ichor-stained ring mail
  8668 | D:10     | Reached skill level 1 in Invocations
  8674 | D:10     | Reached skill level 10 in Shields
  8785 | D:10     | Identified the +0 ring mail "Hitom" {rF+ Dex+3} (You found
                  | it on level 10 of the Dungeon)
  9081 | D:10     | Killed an unseen horror
  9251 | D:11     | Identified a scroll of acquirement
  9253 | D:11     | Got the ring "Xiaka" {rElec rN+ MR- rCorr Str+9}
  9349 | D:11     | Noticed an orange crystal statue
  9392 | D:11     | Noticed Snorg
  9417 | D:11     | Killed Snorg
  9417 | D:11     | Reached XP level 11. HP: 29/97 MP: 11/11
  9691 | D:11     | Noticed a six-headed hydra
  9711 | D:11     | Killed a six-headed hydra
  9711 | D:11     | Reached skill level 1 in Throwing
  9823 | D:11     | Paralysed by a hornet for 1 turns
  9933 | D:11     | Noticed Erica
  9958 | D:11     | Killed Erica
  9958 | D:11     | Reached skill level 1 in Evocations
 10078 | D:11     | Noticed a two-headed ogre
 10096 | D:11     | Killed a two-headed ogre
 10134 | D:11     | Found a staircase to the Lair.
 10276 | D:11     | Noticed a cyan ugly thing
 10296 | D:11     | Noticed a seven-headed hydra
 10297 | D:11     | Killed an orange crystal statue
 10412 | D:12     | Noticed an orc knight
 10424 | D:12     | Killed an orc knight
 10428 | D:12     | Reached skill level 12 in Axes
 10514 | D:12     | Reached **** piety under Elyvilon
 10704 | D:12     | Noticed a brown ugly thing
 10712 | D:12     | Killed a brown ugly thing
 10731 | D:12     | Noticed Frances
 10738 | D:12     | Noticed a sun demon
 10748 | D:12     | Killed Frances
 10772 | D:12     | Killed an unseen horror
 11197 | D:13     | Found Pigobopo's General Store.
 11200 | D:13     | Bought a scroll of teleportation for 48 gold pieces
 11200 | D:13     | Bought a scroll of identify for 32 gold pieces
 11271 | D:13     | Reached XP level 12. HP: 106/106 MP: 13/13
 11678 | D:13     | Identified the Papyrus of the Excruciating Volcanoes
 11838 | D:13     | Found a runed translucent door.
 11884 | D:13     | Noticed a tentacled monstrosity
 11907 | D:13     | Killed a tentacled monstrosity
 11907 | D:13     | Reached skill level 13 in Axes
 11961 | D:13     | Noticed a green very ugly thing
 11985 | D:13     | Killed a green very ugly thing
 12015 | D:13     | Reached skill level 5 in Invocations
 12019 | D:13     | Noticed a purple very ugly thing
 12034 | D:13     | Killed a purple very ugly thing
 12076 | D:13     | Noticed a red very ugly thing
 12095 | D:13     | Killed a red very ugly thing
 12277 | D:13     | Found a gate to the Vaults.
 12277 | D:13     | Noticed an ironheart preserver
 12277 | D:13     | Noticed a centaur warrior
 12297 | D:13     | Found a runed translucent door.
 12297 | D:13     | Noticed Mebb's ghost (journeyman SpEn)
 12340 | D:13     | Noticed a centaur warrior
 12355 | D:13     | Killed a centaur warrior
 12355 | D:13     | Reached skill level 10 in Armour
 12387 | D:13     | Killed an ironheart preserver
 12418 | D:13     | Killed a centaur warrior
 12492 | D:13     | Reached XP level 13. HP: 109/116 MP: 15/15
 12671 | D:13     | Killed Mebb's ghost
 12866 | D:14     | Noticed Azrael
 12895 | D:14     | Reached skill level 14 in Axes
 12920 | D:14     | Killed from afar by Azrael

Illustrated notes

Levels and vault maps discovered:
D:1:      psy_arrival_fountain, layout_basic
D:2:      kennysheep_big_flooded_room, layout_loops_ring, first_ration
D:3:      layout_basic, nemelex_altar_shiori, fedhas_ov_isle_minmay
D:4:      layout_layer_cave
D:5:      layout_loops_corners, serial_shops, shop, shop, shop, shop,
          serial_glass, glass_columns_c, glass_columns_a,
          hangedman_abyss_or_decor_passed
D:6:      layout_cave_pods, portal_sewer_entry_d, corner_web_ring,
          roderic_batcave, uniq_menkaure, uniq_eustachio
D:7:      layout_loops_corners, minmay_temple_entry_purple_smoke,
          grunt_ogre_cave
D:8:      layout_loops_cross
D:9:      layout_loops_cross, orc_0_dummy, serial_shops, shop, st_stairs_10
D:10:     layout_big_octagon, hangedman_misty_isle
D:11:     layout_irregular_city, grunt_lair_entry_orc_guard_hut,
          minmay_misc_feat_pillars, minivault_15, glass_columns_c, uniq_erica,
          uniq_snorg
D:12:     layout_basic, nrook_mini_vaults, uniq_frances
D:13:     cheibrodos_body_horror, layout_basic,
          skrybe_vaults_entry_preservation, gammafunk_ghost_grave, serial_shops,
          kennysheep_mini, nrook_loot_triangle, small_chamber_with_monster,
          minmay_librarian
D:14:     layout_irregular_city, roderic_lattice_a, uniq_josephine, uniq_azrael
Temple:   kilobyte_greek_temple

Skill      XL: |  1  2  3  4  5  6  7  8  9 10 11 12 13 |
---------------+----------------------------------------+-----
Fighting       | 3 4 5 6 7 |  7.7
Axes           | 3 4 5 6 8 9 11 12 13 14 | 14.0
Dodging        | 1 2 3 |  3.2
Armour         | 4 5 7 8 9 10 | 10.2
Shields        | 4 5 7 9 10 12 13 | 13.8
Invocations    | 2 4 5 |  5.8
Throwing       | 2 |  2.0
Evocations     | 1 2 |  2.0

Action                   |  1- 3 |  4- 6 |  7- 9 | 10-12 | 13-15 || total
-------------------------+-------+-------+-------+-------+-------++-------
Melee: War axe           |   140 |   175 |    92 |   727 |   154 ||  1288
       Hand axe          |       |    20 |   333 |       |       ||   353
Throw: Dart              |       |       |     4 |    21 |       ||    25
       Boomerang         |       |       |       |    10 |       ||    10
Invok: Lesser Healing    |       |       |       |   106 |     8 ||   114
       Greater Healing   |       |       |       |       |     1 ||     1
 Abil: Heal Wounds       |     1 |     2 |     7 |       |     2 ||    12
Evoke: Wand              |       |       |       |    13 |     1 ||    14
  Use: Scroll            |       |    10 |     4 |    18 |     1 ||    33
       Potion            |       |       |     2 |     4 |     5 ||    11
  Eat: Chunk             |     2 |     3 |    12 |    17 |     1 ||    35
       Ration            |       |     2 |       |     6 |     1 ||     9
Armor: Scale mail        |    83 |    76 |     6 |       |       ||   165
       Plate armour      |       |       |   121 |   372 |    27 ||   520
Dodge: Dodged            |    58 |    54 |    50 |    70 |    11 ||   243
Block: Kite shield       |    77 |    88 |    23 |       |       ||   188
       Tower shield      |       |       |   347 |   783 |   123 ||  1253
       Reflection        |       |       |    18 |    34 |     1 ||    53
